 Dungeon Crawl Stone Soup version 0.19.0-11-g3fc08b3 (webtiles) character file.

112 MovingMist the Skirmisher (level 4, -7/40 HPs)
             Began as a Minotaur Abyssal Knight on Nov 9, 2016.
             Was a Believer of Lugonu.
             Mangled by lynn's ghost (9 damage)
             ... on level 3 of the Dungeon.
             The game lasted 00:04:44 (1841 turns).

MovingMist the Skirmisher (Minotaur Abyssal Knight) Turns: 1841, Time: 00:04:45

Health: -7/40      AC: 11    Str: 16    XL:     4   Next: 64%
Magic:  5/5        EV:  5    Int:  9    God:    Lugonu [**....]
Gold:   113        SH:  0    Dex: 11    Spells: 0 memorised, 3 levels left

rFire  . . .     SeeInvis .     a - +1 spear
rCold  . . .     Gourm    .     d - +0 plate armour
rNeg   . . .     Faith    .     (no shield)
rPois  .         Spirit   .     (helmet restricted)
rElec  .         Reflect  .     (no cloak)
rCorr  .         Harm     .     (no gloves)
MR     .....                    (no boots)
Stlth  ..........               (no amulet)
                                (no ring)
                                (no ring)

@: no status effects
A: retaliatory headbutt, horns 2
a: Depart the Abyss, Bend Space, Renounce Religion


You were on level 3 of the Dungeon.
You worshipped Lugonu.
Lugonu was pleased with you.
You were not hungry.

You visited 1 branch of the dungeon, and saw 3 of its levels.
You visited the Abyss 1 time.

You collected 113 gold pieces.

Inventory:

Hand Weapons
 a - a +1 spear (weapon)
Armour
 b - a +0 leather armour
 d - a +0 plate armour (worn)
Scrolls
 e - 4 scrolls of identify {unknown}
 g - 3 scrolls of teleportation {unknown}
 i - 2 scrolls of recharging {unknown}
 k - 2 scrolls of remove curse {unknown}
 n - a scroll of fog {unknown}
Potions
 h - a potion of heal wounds {unknown}
 j - a potion of curing {unknown}
 l - a potion of invisibility {unknown}
 m - a potion of cure mutation {unknown}
Comestibles
 c - a bread ration
 f - 4 chunks of flesh


   Skills:
 - Level 4.1 Fighting
 + Level 3.6 Polearms
 + Level 3.2 Armour
 - Level 1.1 Dodging
 * Level 3.4 Invocations


You had 3 spell levels left.
You didn't know any spells.

Dungeon Overview and Level Annotations

Branches:
Dungeon (3/15)

Altars:

Annotations:
D:3 lynn's ghost, amateur FoFi


Innate Abilities, Weirdness & Mutations

You reflexively headbutt those who attack you in melee.
You have a pair of horns on your head.


Message History

Lynn's ghost is moderately damaged.
Lynn's ghost hits you but does no damage.
You hit lynn's ghost.
Lynn's ghost is moderately damaged.
Lynn's ghost hits you!
You hit lynn's ghost.
Lynn's ghost is moderately damaged.
Lynn's ghost hits you.
* * * LOW HITPOINT WARNING * * *
You hit lynn's ghost.
Lynn's ghost is moderately damaged.
Lynn's ghost hits you.
* * * LOW HITPOINT WARNING * * *
Okay, then.
You hit lynn's ghost.
Lynn's ghost is moderately damaged.
Lynn's ghost hits you.
* * * LOW HITPOINT WARNING * * *
Lynn's ghost hits you!
You die...

########..g###..#
#........#
###W.....##
#######....#...
...............
#######g#.##...
#g#.# .. ##W#.# .
#..@.#
######<..##
#.........#
#.....รท...#
#.........#
#.........#
#.........#
#<........#
#.........#


You could see lynn's ghost, a hobgoblin and a goblin.

Vanquished Creatures
  6 adders
  An ooze (D:1)
  2 worms (D:2)
  A dart slug (D:2)
  2 leopard geckos
  7 bats
  3 giant cockroaches
  4 goblins
  2 hobgoblins
  2 jackals (D:1)
  A quokka (D:2)
  A ball python (D:2)
  6 frilled lizards
  4 kobolds
  10 rats
52 creatures vanquished.

Notes
Turn   | Place    | Note
-------+----------+-------------------------------------------
     0 | Abyss:1  | MovingMist the Minotaur Abyssal Knight began the quest for the Orb.
     0 | Abyss:1  | Reached XP level 1. HP: 19/19 MP: 1/1
    61 | D:1      | Escaped the Abyss
   281 | D:1      | Reached * piety under Lugonu
   281 | D:1      | Reached XP level 2. HP: 27/27 MP: 2/2
   440 | D:1      | Reached skill level 4 in Fighting
  1086 | D:2      | Reached XP level 3. HP: 33/33 MP: 3/3
  1359 | D:2      | Reached ** piety under Lugonu
  1452 | D:2      | Reached XP level 4. HP: 39/40 MP: 5/5
  1816 | D:3      | Noticed lynn's ghost (amateur FoFi)
  1840 | D:3      | HP: 2/40 [lynn's ghost (5)]
  1841 | D:3      | Mangled by lynn's ghost

Skill      XL: |  1  2  3 |
---------------+----------+-----
Invocations    | 2 3 |  3.4
Fighting       | 4 |  4.1
Polearms       | 3 |  3.6
Armour         | 3 |  3.2
Dodging        | |  1.1

Action                   |  1- 3 |  4- 6 || total
-------------------------+-------+-------++-------
Melee: Spear             |   120 |    35 ||   155
       Headbutt          |    13 |     4 ||    17
Invok: Depart the Abyss  |     1 |       ||     1
  Eat: Chunk             |     2 |     1 ||     3
Armor: Plate armour      |    57 |    15 ||    72
Dodge: Dodged            |    17 |     8 ||    25
